Map: Backwater LE

Players

RuFF - Winner!

  • Race: Terran Terran
  • League: Grandmaster
  • Spawn Location: 5:00

CatZ

  • Race: Zerg Zerg
  • League: Grandmaster
  • Spawn Location: 11:00

VOD

Have the link to the VOD?

Description

okok

Time

  • Played on: Feb. 23, 2018, 10:39 p.m.
  • Length: 34:22
Show
View Real Time Build Order
Export as new Build Order

RuFF Terran - Winner!

Build Orders: Mech 

Get SALT Encoding   

  12  0:01  SCV  
  13  0:13  SCV  
  14  0:19  Supply Depot  
  14  0:25  SCV  
  15  0:31  Refinery  
  15  0:41  SCV  
  16  0:46  Barracks  
  16  0:53  SCV  
  16  0:55  Refinery  
  17  1:05  SCV  
  18  1:17  SCV  
  19  1:29  SCV  
  20  1:33  Marine  
  20  1:35  Ghost Academy  
  21  1:41  Orbital Command  
  21  1:48  Supply Depot  
  21  1:53  Barracks Tech Lab  
  21  2:14  Ghost  
  23  2:19  Factory  
  23  2:22  SCV  
  24  2:34  SCV  
  25  2:42  Ghost  
  27  2:46  SCV  
  28  2:59  SCV  
  28  3:03  Factory Tech Lab  
  29  3:05  Supply Depot  
  29  3:14  Command Center  
  29  3:21  Ghost  
  31  3:27  SCV  
  31  3:33  Siege Tank  
  35  3:39  SCV  
  36  3:44  Starport  
  36  3:51  SCV  
  37  4:02  Supply Depot, Ghost  
  39  4:18  Refinery  
  39  4:21  Refinery  
  39  4:24  SCV, Medivac  
  42  4:29  Orbital Command  
  42  4:36  SCV  
  43  4:44  Liberator  
  43  4:48  SCV  
  43  4:49  Supply Depot  
  47  4:55  Ghost  
  49  5:00  SCV  
  49  5:03  SCV  
  51  5:11  Engineering Bay  
  51  5:12  SCV  
  52  5:15  SCV  
  53  5:24  SCV  
  53  5:27  SCV, Liberator  
  55  5:36  SCV  
  55  5:39  SCV  
  60  5:54  SCV  
  61  6:16  Liberator  
  61  6:19  SCV  
  61  6:22  Factory  
  61  6:23  Factory  
  61  6:24  Factory  
  62  6:28  SCV  
  62  6:32  Siege Tank  
  63  6:38  Command Center  
  66  6:40  SCV  
  66  6:41  Fusion Core  
  66  6:43  SCV  
  68  6:50  Infernal Pre-Igniter  
  68  6:52  SCV  
  69  6:55  Armory, SCV  
  69  6:56  Armory  
  70  7:11  Missile Turret  
  70  7:15  Missile Turret  
  70  7:19  Factory Tech Lab  
  70  7:20  Factory Reactor, Factory Tech Lab  
  70  7:33  SCV, Ghost  
  70  7:46  Terran Vehicle And Ship Armor Level 1, Terran Vehicle Weapons Level 1  
  70  7:47  Refinery  
  70  7:49  SCV  
  70  7:50  Refinery, Starport Tech Lab, Hellion x3  
  77  7:53  Supply Depot  
  77  7:54  Supply Depot  
  77  7:57  Orbital Command  
  77  8:02  Sensor Tower  
  77  8:07  SCV  
  78  8:18  SCV  
  76  8:20  Hellion x3  
  76  8:21  Hellion  
  84  8:33  Supply Depot  
  84  8:34  Raven, Supply Depot  
  84  8:41  SCV x3  
  89  8:43  Missile Turret  
  89  8:51  Siege Tank x2  
  89  8:52  Siege Tank  
  89  8:54  SCV  
  99  9:13  Terran Infantry Weapons Level 1  
  99  9:16  Hellion x2  
  103  9:23  Smart Servos, Siege Tank x2  
  103  9:24  Siege Tank, Ghost  
  114  9:41  Command Center  
  114  9:42  Missile Turret  
  114  9:44  Hellion x2  
  114  9:45  Terran Vehicle Weapons Level 2, Missile Turret, Terran Vehicle And Ship Armor Level 2  
  118  9:53  SCV  
  118  9:55  Siege Tank  
  122  10:03  Ghost  
  122  10:07  Hellion  
  125  10:08  Sensor Tower  
  125  10:10  Supply Depot  
  125  10:11  Hellion x3  
  125  10:12  Supply Depot  
  131  10:18  Supply Depot  
  131  10:19  Supply Depot  
  131  10:20  Supply Depot  
  131  10:23  Missile Turret  
  131  10:24  Refinery  
  131  10:30  Refinery  
  131  10:37  Thor  
  137  10:47  SCV x3  
  140  10:53  Planetary Fortress  
  140  10:59  SCV x3  
  140  11:00  Raven  
  132  12:30  Thor x3  
  132  12:31  Ghost  
  132  12:35  Starport  
  132  12:36  Starport  
  152  12:40  Starport, Medivac  
  152  12:41  Starport  
  152  12:42  Starport  
  154  12:48  Terran Ship Weapons Level 1  
  154  12:49  Terran Vehicle Weapons Level 3  
  154  12:51  Rapid Fire Launchers  
  154  13:07  Command Center  
  154  13:12  Corvid Reactor  
  154  13:13  Raven  
  154  13:17  Starport Tech Lab x3  
  154  13:18  Starport Tech Lab  
  156  13:35  Viking x4  
  156  13:36  Viking  
  156  13:38  Hellion x2  
  156  13:39  Hellion  
  165  13:56  SCV x3, Viking  
  167  14:05  Viking x3  
  173  14:10  Viking  
  173  14:13  Viking  
  171  14:20  SCV x3  
  174  14:26  Viking  
  166  14:56  Raven x4  
  166  14:57  Raven  
  166  14:59  Viking  
  168  15:02  Planetary Fortress  
  150  15:21  Cyclone x5  
  152  15:30  Liberator x6  
  170  16:11  SCV x4  
  173  16:13  Missile Turret  
  174  16:23  SCV x2  
  148  17:50  Command Center  
  148  17:57  SCV x3  
  127  18:09  SCV x3  
  127  18:21  SCV x2  
  127  18:22  Thor x2  
  141  18:51  Hellion x2  
  141  18:53  Thor  
  133  19:05  Thor x2  
  144  19:12  Hellion x2  
  139  19:31  Orbital Command  
  139  19:34  Hellion  
  149  20:07  SCV x2, Hellion x3  
  149  20:28  SCV  
  149  20:29  Hellion  
  149  20:33  SCV  
  149  20:34  Hellion x2  
  149  20:35  SCV, Hellion  
  149  20:37  Thor  
  142  20:45  SCV  
  131  20:50  Hellion  
  131  20:57  Hellion  
  124  20:58  Hellion x2  
  127  21:11  Hellion  
  127  21:18  Hellion  
  131  21:20  Hellion x2  
  115  21:40  Hellion x3  
  115  21:46  Cyclone x2  
  117  22:01  Cyclone x3  
  93  22:25  Cyclone x2  
  99  22:33  Cyclone  
  88  22:40  Cyclone x2  
  88  22:42  Hellion x2  
  82  22:47  Refinery  
  82  22:57  Hellion  
  82  22:58  Hellion  
  88  23:06  Hellion  
  88  23:12  Hellion x2  
  81  23:29  Hellion x3  
  81  23:34  Command Center, Hellion x3  
  91  23:50  Hellion x3  
  94  24:41  Hellion x2  
  94  24:42  Hellion x3  
  91  25:18  Hellion x4  
  91  25:19  Hellion  
  101  25:40  Hellion  
  101  25:41  Hellion x2  
  105  26:00  Hellion x5  
  70  26:15  Orbital Command  
  54  26:18  Hellion  
  54  26:19  Hellion x2  
  50  26:43  Refinery  
  50  26:44  Refinery  
  29  27:12  SCV  
  30  27:23  SCV  
  30  27:24  SCV  
  32  27:36  SCV  
  18  28:06  Hellion x5  
  18  28:08  SCV  
  27  28:20  SCV  
  27  28:22  SCV  
  29  28:27  Hellion x3  
  29  28:33  SCV  
  30  28:38  Cyclone  
  33  28:42  Refinery  
  34  28:48  SCV  
  27  29:11  Hellion x3  
  27  29:23  Hellion x4  
  35  29:31  Orbital Command  
  35  29:42  Hellion  
  37  29:56  Orbital Command  
  33  30:16  Hellion x3  
  37  31:42  Missile Turret  
  33  31:50  Refinery  
  33  31:51  Refinery  
  29  31:54  Orbital Command  
  18  33:01  SCV  
  19  33:16  Orbital Command  
  15  33:28  Cyclone  
Show
View Real Time Build Order
Export as new Build Order

CatZ Zerg 

Build Orders: Hatch First, Brood Lord Corruptor 

Get SALT Encoding   

  12  0:00  Drone  
  13  0:13  Overlord  
  13  0:17  Drone  
  14  0:33  Drone x2  
  16  0:36  Drone  
  17  0:46  Drone  
  18  0:58  Hatchery  
  18  1:01  Drone  
  18  1:14  Spawning Pool  
  18  1:16  Drone  
  18  1:20  Drone  
  18  1:22  Extractor  
  18  1:30  Drone  
  19  1:45  Drone  
  20  2:00  Drone  
  21  2:03  Hatchery, Queen  
  22  2:13  Queen  
  22  2:15  Zergling x2  
  25  2:27  Spine Crawler  
  25  2:28  Drone  
  25  2:31  Metabolic Boost  
  25  2:36  Drone  
  26  2:41  Drone  
  26  2:43  Drone  
  28  2:50  Spore Crawler  
  27  2:55  Overlord  
  27  3:04  Overlord  
  27  3:14  Drone  
  27  3:15  Overlord  
  27  3:16  Drone x3  
  31  3:21  Drone x2  
  31  3:23  Drone  
  31  3:26  Drone  
  35  3:34  Baneling Nest, Drone  
  35  3:36  Drone  
  36  3:45  Zergling x6  
  36  3:47  Drone  
  40  3:52  Queen  
  42  3:57  Zergling x6  
  45  4:06  Drone  
  45  4:07  Drone x3  
  48  4:11  Overlord  
  48  4:15  Overlord  
  48  4:28  Queen  
  48  4:30  Overlord  
  50  4:33  Spore Crawler  
  50  4:34  Overlord  
  49  4:38  Drone x2  
  49  4:39  Drone x5  
  49  4:40  Drone  
  57  4:45  Lair  
  57  4:48  Extractor  
  57  4:50  Zergling x6  
  59  4:53  Drone  
  59  4:54  Drone  
  59  4:55  Drone  
  62  5:01  Drone x4  
  62  5:02  Drone  
  62  5:04  Drone  
  62  5:06  Drone  
  69  5:09  Drone x2  
  71  5:14  Pneumatized Carapace  
  71  5:17  Drone x2  
  73  5:28  Baneling x3  
  73  5:34  Drone  
  73  5:35  Drone x4  
  76  5:45  Drone x3  
  76  5:48  Overlord  
  76  5:49  Extractor, Drone x2  
  81  5:50  Extractor, Drone x3  
  81  5:55  Infestation Pit  
  81  5:56  Overlord  
  81  5:57  Extractor x2  
  81  6:00  Overlord  
  81  6:02  Overlord  
  79  6:05  Overlord  
  79  6:08  Spore Crawler  
  79  6:09  Overlord  
  77  6:15  Overlord  
  72  6:28  Drone x3  
  72  6:30  Drone  
  72  6:31  Drone x2  
  72  6:32  Drone  
  79  6:35  Drone  
  79  6:37  Hive  
  80  6:42  Drone x2  
  80  6:43  Spire, Drone x2  
  80  6:46  Overlord  
  83  6:51  Overlord  
  83  6:53  Queen  
  83  6:54  Queen  
  85  6:55  Overlord  
  85  6:56  Pathogen Glands  
  85  6:57  Centrifical Hooks  
  85  6:59  Zergling x2  
  88  7:03  Hatchery  
  82  7:15  Drone x2  
  82  7:16  Drone x4  
  82  7:22  Drone x2  
  89  7:28  Overlord  
  89  7:35  Overlord  
  89  7:36  Drone x4  
  94  7:37  Drone  
  94  7:41  Spore Crawler, Spine Crawler  
  92  7:50  Overlord, Hydralisk Den  
  91  7:52  Infestor x2, Evolution Chamber  
  91  7:54  Viper, Evolution Chamber  
  91  7:57  Viper  
  99  7:59  Viper  
  100  8:07  Drone x2  
  100  8:08  Drone  
  99  8:13  Drone x3  
  99  8:14  Drone  
  99  8:16  Drone x2  
  99  8:17  Drone  
  106  8:20  Drone  
  106  8:24  Overlord  
  106  8:26  Zerg Ground Armor Level 1, Zerg Melee Weapons Level 1  
  106  8:30  Grooved Spines  
  106  8:34  Burrow, Drone x2  
  106  8:35  Extractor, Drone  
  106  8:37  Drone  
  106  8:38  Drone x3  
  106  8:39  Extractor  
  111  8:42  Overlord  
  111  8:43  Queen x2  
  111  8:44  Queen  
  111  8:48  Overlord  
  117  8:49  Hatchery  
  117  8:50  Viper  
  117  8:51  Viper  
  117  8:54  Overseer  
  122  9:11  Overlord  
  122  9:19  Queen x2  
  126  9:29  Greater Spire  
  126  9:31  Queen  
  126  9:33  Drone  
  126  9:34  Drone x3  
  126  9:35  Drone x2  
  134  9:44  Baneling x4, Queen  
  134  9:45  Baneling x2, Overlord  
  136  9:49  Infestor x3  
  142  9:53  Drone  
  142  9:55  Queen  
  145  10:09  Extractor  
  145  10:10  Extractor  
  140  10:23  Corruptor x6  
  140  10:24  Corruptor x3  
  140  10:26  Corruptor x2  
  162  10:32  Overseer  
  162  10:44  Drone x4  
  162  10:45  Infestor x5, Drone x3  
  162  10:47  Spore Crawler  
  162  10:49  Drone x2  
  170  10:51  Queen x2  
  170  10:54  Corruptor x3  
  180  10:58  Zerg Melee Weapons Level 2  
  180  10:59  Zerg Ground Armor Level 2  
  180  11:01  Adrenal Glands  
  180  11:03  Queen  
  182  11:05  Zerg Flyer Weapons Level 1  
  180  11:33  Brood Lord x5  
  180  11:35  Overlord  
  180  11:37  Infestor x5  
  190  11:41  Overlord  
  190  11:53  Brood Lord x3  
  196  11:55  Overlord  
  196  11:59  Overlord  
  194  12:04  Overseer  
  194  12:21  Zergling x12  
  200  12:29  Brood Lord x2  
  194  12:30  Brood Lord x4  
  194  12:37  Spore Crawler, Spine Crawler  
  199  12:38  Infestor  
  199  12:41  Spore Crawler  
  199  12:42  Baneling x7, Spine Crawler  
  198  12:54  Hatchery  
  197  13:06  Hatchery  
  197  13:08  Baneling x5  
  196  13:51  Corruptor x2  
  200  13:58  Baneling x4  
  200  13:59  Baneling  
  194  14:07  Zergling x2  
  194  14:08  Zergling x12  
  195  14:22  Zerg Ground Armor Level 3, Spire, Zerg Melee Weapons Level 3  
  188  14:27  Brood Lord x2  
  188  14:30  Zergling x32  
  189  14:39  Drone  
  189  14:40  Drone x12  
  189  14:41  Drone  
  189  14:42  Drone  
  189  14:43  Corruptor  
  189  14:44  Corruptor  
  197  14:53  Baneling x4  
  197  14:54  Baneling x6  
  197  14:55  Drone  
  197  14:57  Drone  
  197  14:58  Drone x4  
  200  15:03  Drone x3  
  200  15:06  Drone  
  189  15:16  Hatchery  
  189  15:18  Drone x3  
  189  15:19  Drone x2  
  183  15:27  Drone x2  
  185  15:32  Infestor  
  185  15:34  Hatchery  
  184  15:44  Extractor  
  184  15:45  Spore Crawler, Extractor  
  184  15:46  Spine Crawler  
  184  15:48  Spine Crawler, Drone x2  
  184  15:49  Spine Crawler, Drone  
  181  15:50  Drone  
  181  15:51  Drone x3  
  181  15:55  Greater Spire  
  186  15:57  Zergling x4  
  187  16:14  Zergling x8  
  187  16:16  Queen x3  
  197  16:31  Baneling x4  
  195  16:51  Corruptor x3  
  188  17:04  Zerg Missile Weapons Level 1  
  188  17:05  Ultralisk Cavern  
  138  17:16  Extractor x2  
  138  17:18  Spore Crawler  
  138  17:19  Infestor x5  
  138  17:22  Corruptor x2  
  142  17:23  Corruptor x6  
  142  17:27  Infestor x2  
  162  17:36  Brood Lord x2, Infestor x3  
  160  17:37  Extractor  
  160  17:44  Hydralisk Den  
  145  18:04  Infestor  
  139  18:11  Corruptor x2  
  99  18:20  Viper  
  99  18:23  Zergling x6  
  99  18:24  Zergling x24  
  103  18:33  Ultralisk  
  105  18:38  Ultralisk  
  105  18:39  Zergling x22, Queen  
  114  18:42  Zergling x6  
  114  18:46  Zergling x8  
  114  18:47  Zergling x2  
  119  18:51  Muscular Augments  
  114  18:59  Queen x3  
  120  19:08  Viper x2  
  120  19:09  Spore Crawler  
  125  19:10  Spore Crawler  
  125  19:11  Spore Crawler  
  125  19:14  Drone  
  125  19:15  Drone x3, Queen  
  119  19:27  Hatchery  
  115  19:32  Infestor x2  
  115  19:33  Viper  
  115  19:35  Queen x3  
  128  19:50  Infestor  
  128  19:51  Infestor x2, Queen  
  137  19:52  Drone  
  137  19:53  Drone x3  
  137  19:56  Drone x2  
  137  19:58  Drone  
  137  19:59  Infestor, Drone x2  
  145  20:10  Queen x2  
  147  20:15  Infestor x4  
  147  20:19  Corruptor x5  
  147  20:20  Corruptor  
  157  20:24  Hydralisk x2  
  119  20:57  Hydralisk x7  
  119  20:58  Hydralisk x2  
  119  21:00  Zergling x6  
  136  21:27  Hatchery  
  136  21:32  Hydralisk x3  
  110  21:33  Hydralisk x8  
  120  21:46  Ultralisk x2  
  130  21:48  Hydralisk  
  130  21:52  Zergling x4  
  126  22:01  Zergling x10  
  126  22:05  Zergling x2  
  126  22:07  Zergling x4  
  106  22:13  Zergling x2  
  96  22:16  Hydralisk x4  
  96  22:17  Hydralisk x4  
  96  22:18  Hydralisk x2  
  106  22:26  Hydralisk  
  106  22:28  Zergling x4  
  106  22:29  Zergling x2  
  105  22:35  Hydralisk x4  
  110  22:37  Drone  
  110  22:45  Drone x3  
  110  22:46  Drone x2  
  115  22:55  Baneling x7  
  115  23:00  Zergling x4  
  115  23:04  Overlord  
  92  23:36  Zerg Missile Weapons Level 2  
  92  23:45  Drone  
  92  23:46  Extractor x2, Drone, Queen x4  
  100  24:01  Baneling x7  
  100  24:03  Hydralisk x6  
  108  24:40  Zergling x12  
  108  24:44  Baneling x3  
  113  24:52  Zergling x2  
  113  24:53  Zergling x12  
  118  25:03  Drone x16  
  118  25:06  Zergling x2  
  116  25:07  Zergling x2  
  113  25:23  Baneling  
  113  25:24  Baneling x5  
  108  25:53  Baneling x9  
  75  26:13  Hydralisk  
  66  26:40  Infestor x2  
  70  27:06  Baneling x4  
  53  27:15  Infestor x4  
  38  27:54  Infestor x3  
  38  27:56  Baneling  
  35  28:03  Infestor  
  29  28:24  Drone x2  
  24  29:09  Drone x2  
  22  29:21  Infestor x4  
  22  29:27  Infestor x2  
  22  29:28  Infestor x2  
  22  29:40  Drone x2  
  20  30:00  Infestor x2  
  16  31:07  Infestor x7  
  16  31:43  Baneling x2  
Tags
 
Add a new tag
Caveats
  • Supply blocks, unpowered buildings, or Contaminate may cause inaccurate times.
  • Supply counts are checked every 10 seconds.